 Dungeon Crawl Stone Soup version 0.30-a0-711-gf4ac18a38d (webtiles) character file.

Game seed: 5788064358991913171

44 Tocho the Poker (level 3, -1/28 HPs)
             Began as a Merfolk Gladiator on Jan 23, 2023.
             Was a Follower of Vehumet.
             Slain by a goblin
             ... wielding a +0 club
             ... led by Robin
              (3 damage)
             ... on level 2 of the Dungeon.
             The game lasted 00:03:23 (864 turns).

Tocho the Poker (Merfolk Gladiator)                  Turns: 864, Time: 00:03:24

Health: -1/28      AC:  4    Str: 14    XL:     3   Next: 60%
Magic:  3/3        EV: 13    Int:  9    God:    Vehumet [*.....]
Gold:   28         SH:  0    Dex: 15    Spells: 2/2 levels left

rFire   . . .      SeeInvis .    a - +1 trident
rCold   . . .      Faith    .    (no shield)
rNeg    . . .      Spirit   .    b - +0 leather armour
rPois   .          Reflect  .    c - +0 helmet
rElec   .          Harm     .    (no cloak)
rCorr   .          Rampage  .    (no gloves)
Will    .....                    (no boots)
Stlth   +                        (no amulet)
HPRegen 0.24/turn                (no ring)
MPRegen 0.08/turn                (no ring)

@: weak-willed
A: (nimble swimmer 2), mertail
a: Renounce Religion


You were on level 2 of the Dungeon.
You worshipped Vehumet.
Vehumet was aware of your devotion.
You visited 1 branch of the dungeon, and saw 2 of its levels.

You collected 28 gold pieces.

Inventory:

Hand Weapons
 a - a +1 trident (weapon)
Missiles
 d - 3 throwing nets (quivered)
 e - a javelin
Armour
 b - a +0 leather armour (worn)
 c - a +0 helmet (worn)
Jewellery
 i - a +5 ring of evasion
 l - a ring of protection from fire
Scrolls
 j - a scroll of identify {unknown}
 k - a scroll of magic mapping {unknown}
 n - a scroll of fear {unknown}
 o - a scroll of fog {unknown}
Potions
 g - a potion of curing {unknown}
 m - 2 potions of heal wounds {unknown}
 p - a potion of magic {unknown}


   Skills:
 - Level 2.4 Fighting
 + Level 5.4 Polearms
 - Level 2.1 Throwing
 - Level 4.4 Dodging


You had 2 spell levels left.
You didn't know any spells.
Your spell library contained the following spells:

 Spells                   Type           Power      Damage    Failure   Level
 Sandblast                Erth           0%         2d4       45%         1
 Scorch                   Fire           0%         2d5       61%         2
 Flame Wave               Conj/Fire      0%         2d4       99%         4
 Summon Cactus Giant      Summ           0%         N/A       100%        6


Dungeon Overview and Level Annotations

Branches:
Dungeon (2/15)

Altars:
Vehumet

Annotations:
D:2 Robin, Terence


Innate Abilities, Weirdness & Mutations

((You are very nimble when in or above water. (Stealth+, EV+, Speed+++)))
Your lower body shifts to a powerful aquatic tail in water.


Message History

The hobgoblin hits you but does no damage.
The frilled lizard closely misses you. The hobgoblin closely misses you.
The goblin hits you with a +0 club. The goblin hits you but does no damage.
The hobgoblin barely misses you.
Robin roars a battlecry!
The goblins go into a battle-frenzy!
You closely miss the frilled lizard. The goblin closely misses you.
The hobgoblin hits you but does no damage.
The hobgoblin hits you.
The frilled lizard bites you but does no damage.
The goblin hits you with a +0 club.
A goblin comes into view. It is wielding a +0 dagger.
The hobgoblin hits you but does no damage.
You hit the frilled lizard.
You kill the frilled lizard!
Vehumet accepts your kill. The hobgoblin closely misses you.
The hobgoblin hits you.
The goblin barely misses you. x2; The hobgoblin barely misses you.
Robin throws the goblin at you!
You closely miss the goblin. The goblin hits you with a +0 club.
The goblin barely misses you. The hobgoblin closely misses you.
The goblin misses you.
As you read the scroll labelled HUZAED VOSI SONI, it crumbles to dust.
It is a scroll of enchant weapon.
Your +0 trident glows red for a moment.
The hobgoblin barely misses you. The hobgoblin hits you.
The goblin barely misses you. The goblin hits you but does no damage.
The goblin barely misses you. The hobgoblin closely misses you.
The goblin closely misses you. The goblin misses you.
As you read the scroll labelled OSIL VEIMMULL, it crumbles to dust.
Magic quickly surges around you.
It was a scroll of vulnerability.
The hobgoblin barely misses you.
The hobgoblin hits you but does no damage.
The goblin closely misses you. The goblin hits you but does no damage.
The goblin closely misses you. The hobgoblin hits you.
* * * LOW HITPOINT WARNING * * *
The goblin hits you with a +0 club.
* * * LOW HITPOINT WARNING * * *
The goblin hits you with a +0 club.
You die...

....+.........
#...#...[...>. ..
....+.....<#.# ...
....#...####.# ....
....#...####.#######....
...........#............
.....#####.#.....g......
.....# #.#...ggg......
....(# #.#..Kg@gSg....
.....# #.....gggg.....
###### #†.#.#.#g#.#.#.
.......@......
......#.#.#...#.#
..#####..........#.. .
#.#.#.....#.#.
#......[..... #.# . ..


You could see Terence, Robin (weak-willed), 5 hobgoblins, 6 goblins, a ball
python (weak-willed) and a kobold (weak-willed).

Vanquished Creatures
  An adder (D:2)
  A giant cockroach (D:1)
  5 hobgoblins
  6 jackals (D:1)
  4 quokkas
  2 ball pythons (D:1)
  4 bats
  6 frilled lizards
  4 rats
33 creatures vanquished.

Vanquished Creatures (others)
  2 plants (D:1)
2 creatures vanquished.

Grand Total: 35 creatures vanquished

Notes
Turn   | Place    | Note
-------+----------+-------------------------------------------
     0 | D:1      | Tocho the Merfolk Gladiator began the quest for the Orb.
     0 | D:1      | Reached XP level 1. HP: 16/16 MP: 1/1
    39 | D:1      | Reached XP level 2. HP: 23/23 MP: 2/2
   266 | D:1      | Reached XP level 3. HP: 26/28 MP: 3/3
   387 | D:1      | Reached skill level 5 in Polearms
   457 | D:1      | Found a faded altar of an unknown god.
   628 | D:1      | Prayed at the altar of an unknown god.
   628 | D:1      | Became a worshipper of Vehumet
   628 | D:1      | Reached * piety under Vehumet
   628 | D:1      | Offered knowledge of Sandblast by Vehumet.
   858 | D:2      | Noticed Robin
   859 | D:2      | Noticed Terence
   864 | D:2      | Slain by a goblin

Illustrated notes

Levels and vault maps discovered:
D:1:      roderic_crop_circles_arrival_small, layout_basic,
          shapermc_ecumenical_altar_gd, minmay_misc_feat_x,
          serial_park_tiny_pond, minmay_hexomino_f4
D:2:      layout_basic, basic_altar, hangedman_decor_riveting,
          minmay_misc_feat_diagonals, hangedman_decor_diamond_cutter,
          uniq_terence, uniq_robin

Skill      XL: |  1  2  3 |
---------------+----------+-----
Polearms       | 5 |  5.4
Fighting       | |  2.4
Throwing       | |  2.1
Dodging        | |  4.4

Action                     || total
---------------------------++-------
  Melee: Trident           ||    91
    Use: Scroll            ||     2
 Armour: Leather armour    ||    23
  Dodge: Dodged            ||    78

Table legend: (Time is in decaauts)
 A = Elapsed time spent in this place.
 B = Non-inter-level travel time spent in this place.
 C = Inter-level travel time spent in this place.
 D = Time resting spent in this place.
 E = Time spent auto-exploring this place.
 F = Levels seen in this place.
 G = Mean time per level.
                   A        B        C        D        E       F      G
               +--------+--------+--------+--------+--------+-----+--------+
         Total |    868 |    812 |     56 |      0 |    620 |   2 |  434.0 |
       Dungeon |    868 |    812 |     56 |      0 |    620 |   2 |  434.0 |
               +--------+--------+--------+--------+--------+-----+--------+

Top non-repeatable levels by time:
     D:1: 751 daAuts
     D:2: 116 daAuts
